 Dungeon Crawl Stone Soup version 0.30.0-20-g3615ddf2f0 (webtiles) character file.

Game seed: 9203215991508628311

5425 qw the Cleaver (level 10, -18/64 HPs)
             Began as a Gargoyle Fighter on May 28, 2023.
             Was a Priest of Okawaru.
             Demolished by a very large slime creature (37 damage)
             ... on level 9 of the Dungeon.
             The game lasted 00:03:47 (6763 turns).

qw the Cleaver (Gargoyle Fighter)                   Turns: 6763, Time: 00:03:48

Health: -18/64     AC: 42    Str: 24    XL:     10   Next: 67%
Magic:  12/13      EV:  9    Int:  9    God:    Okawaru [***...]
Gold:   571        SH:  6    Dex:  9    Spells: 9/9 levels left

rFire   . . .        Y - +3 war axe (protect)
rCold   . . .        c - +0 buckler
rNeg    + . .        g - +4 plate armour {Will+}
rPois   inf          b - +0 helmet
rElec   +            r - +0 cloak
rCorr   .            s - +0 pair of gloves
SInv    .            o - +2 pair of boots
Will    +....        (no amulet) Stlth
                     (no ring)
HPRegen 0.30/turn    (no ring)
MPRegen 0.13/turn

%: clarity
@: about to teleport, heroic, under a protective aura
A: sickness immunity, AC +7, negative energy resistance 1, electricity
resistance, torment resistance 1, petrification resistance, clarity, subdued
magic 1, MP-powered wands
a: Renounce Religion, Heroism


You were on level 9 of the Dungeon.
You worshipped Okawaru.
Okawaru was most pleased with you.
You visited 2 branches of the dungeon, and saw 10 of its levels.

You collected 571 gold pieces.


Innate Abilities, Weirdness & Mutations

You are immune to sickness and miasma.
Your stone body is resilient. (AC +7)
You are immune to poison.
You resist negative energy. (rN+)
You are resistant to electric shocks. (rElec)
You are resistant to unholy torment.
You are immune to petrification.
You possess an exceptional clarity of mind.
Your spells are a little easier to cast, but a little less powerful.
You expend magic power (3 MP) to strengthen your wands.


   Skills:
 - Level 8.0(13.0) Fighting
 + Level 10.2(15.2) Axes
 - Level 1.0(6.0) Throwing
 - Level 8.1(13.1) Armour
 - Level 1.2(6.2) Dodging
 - Level 5.2(10.2) Shields
 - Level 4.1 Invocations


You had 9 spell levels left.
You didn't know any spells.
Your spell library was empty.

Inventory:

Hand Weapons
 u - a +2 hand axe of flaming
 Y - a +3 war axe of protection (weapon)
Missiles
 p - a boomerang (quivered)
Armour
 b - a +0 helmet (worn)
 c - a +0 buckler (worn)
 g - a +4 plate armour of willpower (worn)
 o - a +2 pair of boots (worn)
 r - a +0 cloak (worn)
 s - a +0 pair of gloves (worn)
Jewellery
 n - a ring of fire
Scrolls
 a - 7 scrolls of identify
 f - a scroll of teleportation
Potions
 d - 4 potions of might
 e - a potion of heal wounds
 i - 3 potions of curing
 j - 3 potions of mutation
 k - a potion of cancellation
 l - a potion of attraction
 m - 2 potions of resistance
 q - a potion of haste

Dungeon Overview and Level Annotations

Branches:
Dungeon (9/15)             Temple (1/1) D:4
   Lair: D:8-11         Orc: D:9-12

Altars:
Ashenzari
Cheibriados
Dithmenos
Elyvilon
Fedhas
Gozag
Hepliaklqana
Kikubaaqudgha
Makhleb
Nemelex Xobeh
Okawaru
Qazlal
Ru
Sif Muna
Trog
Uskayaw
Vehumet
Wu Jian
Yredelemnul
Zin
The Shining One

Shops:
D:8 *

Annotations:
D:5 2 transporters, qw's ghost, novice GrFi


Message History

You hit the slime creature. You slash the orc!
You kill the orc!
Okawaru accepts your kill. The slime creature barely misses you.
The slime creature hits you but does no damage.
The very large slime creature hits you but does no damage.
You slash the slime creature!
The slime creature is almost dead.
You slash the very large slime creature!
You hit the slime creature. The slime creature hits you.
The slime creature hits you but does no damage.
You slice the slime creature!!
You kill the slime creature!
Okawaru accepts your kill.
You hit the very large slime creature but do no damage.
You hit the slime creature.
The very large slime creature completely misses you.
The slime creature hits you!
Your base Shields skill increases to level 5!
You barely miss the slime creature.
The slime creature is heavily wounded.
You hit the very large slime creature.
The very large slime creature hits you!!
6761 ||| READING 2 scrolls of teleportation.
As you read the scroll of teleportation, it crumbles to dust.
You feel strangely unstable. The slime creature hits you.
You block the very large slime creature's attack.
6762 ||| DRINKING 2 potions of heal wounds.
You feel much better. You block the slime creature's attack.
The very large slime creature barely misses you.
You hit the slime creature.
The slime creature is heavily wounded.
You slash the very large slime creature!
The slime creature hits you.
The very large slime creature hits you!!!
Ouch! That really hurt!
You die...

>...####..########...
## ........)##
##.###. ....##...#
#..#.. . ##).# #.<.#
...#####..#######
###.#
#o............... ...
##.####..........
.... ##.........
..... ##@.......
...... #JJ)......
....... #o#.......
........ #. #.#####
.. .# ... .. ... ...
.... ..#


You could see a very large slime creature, a slime creature and an orc.

Vanquished Creatures
  An ugly thing (D:6)
  Maurice (D:8)
  2 hornets
  Sigmund (D:2)
  2 slime creatures (D:9)
  A wyvern (D:9)
  2 steam dragons
  3 sky beasts
  3 black bears
  6 ice beasts
  2 ogres (D:6)
  A centaur (D:9)
  A phantom (D:6)
  3 bullfrogs
  2 kobold brigands
  2 water moccasin zombies (D:6)
  A wyvern zombie (D:6)
  3 scorpions
  A wyvern skeleton (D:6)
  A water moccasin skeleton (D:6)
  3 killer bees (D:8)
  3 jellies
  3 howler monkeys
  7 bullfrog zombies (D:6)
  2 hounds
  3 orc priests
  3 centaur zombies (D:6)
  A centaur skeleton (D:6)
  3 iguanas
  2 sleepcaps (D:7)
  An orc wizard (D:7)
  2 killer bee zombies (D:6)
  Robin (D:2)
  2 howler monkey zombies (D:6)
  6 adders
  A howler monkey skeleton (D:6)
  2 shadow imps
  5 white imps
  4 ufetubi
  2 worms
  A dart slug (D:3)
  28 orcs
  8 ball pythons
  3 bats (D:1)
  4 endoplasms
  A giant cockroach (D:3)
  10 goblins
  6 hobgoblins
  4 quokkas
  7 frilled lizards
  15 kobolds
  4 rats
186 creatures vanquished.

Notes
Turn   | Place    | Note
-------+----------+-------------------------------------------
     0 | D:1      | qw the Gargoyle Fighter began the quest for the Orb.
     0 | D:1      | Reached XP level 1. HP: 14/14 MP: 1/1
     0 | D:1      | 0 ||| qw: Version: 0.2-a-100-g4e38944
     0 | D:1      | 0 ||| qw: Game counter: 228
     0 | D:1      | 0 ||| qw: Always use a shield: true
     0 | D:1      | 0 ||| qw: God list: Okawaru
     0 | D:1      | 0 ||| qw: Allow faded altars: false
     0 | D:1      | 0 ||| qw: Do Orc after D:15 true
     0 | D:1      | 0 ||| qw: Do second Lair branch before Depths: true
     0 | D:1      | 0 ||| qw: Lair rune preference: random
     0 | D:1      | 0 ||| qw: Plans: Normal, Zot:1-4, God:TSO, Crypt, Tomb,
                  | Pan, Slime:5, Hells, Abyss, Win
     0 | D:1      | 0 ||| PLANNING D:1-11
    39 | D:1      | 39 ||| Stepping ~*~*~tactically~*~*~ (stealth).
    71 | D:1      | Reached skill level 2 in Axes
   131 | D:1      | Reached XP level 2. HP: 16/19 MP: 2/2
   337 | D:1      | Found a faded altar of an unknown god.
   450 | D:1      | Reached skill level 3 in Axes
   792 | D:1      | 792 ||| UPGRADING to +0 plate armour.
   802 | D:1      | 802 ||| DROPPING +0 scale mail.
   803 | D:1      | 803 ||| READING 2 scrolls labelled XUT ALOOLEU.
   804 | D:1      | 804 ||| READING scroll labelled HEALO MYRHABE.
   805 | D:1      | 805 ||| READING scroll labelled YNIRCH QAENK.
   806 | D:1      | 806 ||| DROPPING +0 whip.
   807 | D:1      | 807 ||| DRINKING 2 sedimented amethyst potions.
   808 | D:1      | 808 ||| DROPPING potion of magic.
   827 | D:2      | Noticed Sigmund
   833 | D:2      | 833 ||| FLEEEEING.
   834 | D:2      | 834 ||| FLEEEEING.
   835 | D:2      | 835 ||| FLEEEEING.
   836 | D:2      | 836 ||| FLEEEEING.
   837 | D:2      | 837 ||| STAIRDANCE
   871 | D:2      | 871 ||| STAIRDANCE
   923 | D:2      | Noticed Robin
   928 | D:2      | Reached XP level 3. HP: 11/23 MP: 3/3
   929 | D:2      | Killed Sigmund
   930 | D:2      | Reached skill level 5 in Axes
   930 | D:2      | Reached XP level 4. HP: 15/28 MP: 4/4
   930 | D:2      | Reached XP level 5. HP: 17/32 MP: 5/5
   937 | D:2      | Killed Robin
   940 | D:2      | 940 ||| FLEEEEING.
   942 | D:2      | 942 ||| STAIRDANCE
  1219 | D:2      | Identified the +6 sling of the Warrior-Mage {heavy, Fly}
  1462 | D:2      | Reached XP level 6. HP: 38/38 MP: 6/6
  1810 | D:2      | 1810 ||| UPGRADING to +0 helmet.
  1815 | D:2      | 1815 ||| UPGRADING to +2 pair of boots.
  1820 | D:2      | 1820 ||| READING scroll labelled HOOF EGGYATISTOIL.
  1823 | D:2      | 1823 ||| READING scroll labelled MEIPEE DOOVVAM.
  1824 | D:2      | 1824 ||| DRINKING 2 coppery potions.
  1825 | D:2      | 1825 ||| DRINKING 2 sapphire potions.
  1826 | D:2      | 1826 ||| DRINKING 2 clear potions.
  1827 | D:2      | 1827 ||| READING 2 scrolls of identify.
  1827 | D:2      | 1827 ||| IDENTIFYING glowing dark potion
  1828 | D:2      | 1828 ||| DROPPING potion of degeneration.
  1863 | D:3      | 1863 ||| Stepping ~*~*~tactically~*~*~ (hiding).
  1875 | D:3      | 1875 ||| Stepping ~*~*~tactically~*~*~ (stealth).
  1876 | D:3      | 1876 ||| Stepping ~*~*~tactically~*~*~ (stealth).
  2054 | D:3      | 2054 ||| FLEEEEING.
  2055 | D:3      | 2055 ||| FLEEEEING.
  2056 | D:3      | 2056 ||| FLEEEEING.
  2057 | D:3      | 2057 ||| FLEEEEING.
  2058 | D:3      | 2058 ||| FLEEEEING.
  2531 | D:3      | 2531 ||| Stepping ~*~*~tactically~*~*~ (hiding).
  2532 | D:3      | 2532 ||| Stepping ~*~*~tactically~*~*~ (hiding).
  2534 | D:3      | 2534 ||| Stepping ~*~*~tactically~*~*~ (hiding).
  2649 | D:3      | 2649 ||| READING 2 scrolls labelled FIONLE FAURGHATH.
  2650 | D:3      | 2650 ||| READING scroll of enchant weapon.
  2650 | D:3      | 2650 ||| ENCHANTING +1 war axe of flaming.
  2651 | D:3      | 2651 ||| READING scroll labelled WUPSEN PAOSMOS.
  2652 | D:3      | 2652 ||| READING 2 scrolls of identify.
  2652 | D:3      | 2652 ||| IDENTIFYING golden potion
  2653 | D:3      | 2653 ||| DROPPING potion of invisibility.
  2787 | D:4      | Found a stormy altar of Qazlal.
  2849 | D:4      | 2849 ||| READING scroll of enchant weapon.
  2849 | D:4      | 2849 ||| ENCHANTING +2 war axe of flaming.
  2853 | D:4      | Found a staircase to the Ecumenical Temple.
  2854 | D:4      | 2854 ||| PLANNING TEMPLE
  2923 | Temple   | Entered the Ecumenical Temple
  3099 | Temple   | 3099 ||| PLANNING OKAWARU WORSHIP
  3143 | Temple   | Became a worshipper of Warmaster Okawaru
  3143 | Temple   | 3143 ||| PLANNING D:1-11
  3187 | D:4      | 3187 ||| Stepping ~*~*~tactically~*~*~ (hiding).
  3188 | D:4      | 3188 ||| Stepping ~*~*~tactically~*~*~ (hiding).
  3240 | D:4      | 3240 ||| Stepping ~*~*~tactically~*~*~ (stealth).
  3302 | D:4      | 3302 ||| READING scroll of brand weapon.
  3302 | D:4      | 3302 ||| BRANDING +3 war axe of flaming.
  3435 | D:4      | 3435 ||| Stepping ~*~*~tactically~*~*~ (stealth).
  3444 | D:4      | Reached skill level 6 in Axes
  3620 | D:4      | 3620 ||| UPGRADING to +4 plate armour of willpower.
  3630 | D:4      | 3630 ||| DROPPING +0 plate armour.
  3631 | D:4      | 3631 ||| READING scroll labelled HUEMPA WERGHE.
  3635 | D:5      | Entered Level 5 of the Dungeon
  3661 | D:5      | 3661 ||| Stepping ~*~*~tactically~*~*~ (stealth).
  3666 | D:5      | Reached XP level 7. HP: 43/43 MP: 7/7
  3738 | D:5      | Noticed qw's ghost (novice GrFi)
  3739 | D:5      | Found a transporter.
  3767 | D:5      | Found a transporter.
  3844 | D:5      | Reached * piety under Okawaru
  3894 | D:5      | Identified the +1 arbalest of Yesterday {flame, Fragile
                  | Str+4 Int+3 SInv}
  4013 | D:5      | 4013 ||| DRINKING 2 bubbling green potions.
  4013 | D:5      | Gained mutation: You possess an exceptional clarity of
                  | mind. [potion of mutation]
  4013 | D:5      | Gained mutation: You expend magic power (3 MP) to
                  | strengthen your wands. [potion of mutation]
  4013 | D:5      | Gained mutation: Your spells are a little easier to cast,
                  | but a little less powerful. [potion of mutation]
  4014 | D:5      | 4014 ||| READING 2 scrolls of identify.
  4014 | D:5      | 4014 ||| IDENTIFYING fizzy purple potion
  4034 | D:6      | 4034 ||| INVOKING Heroism.
  4043 | D:6      | Reached skill level 7 in Axes
  4045 | D:6      | Reached XP level 8. HP: 47/48 MP: 6/9
  4051 | D:6      | Reached skill level 3 in Invocations
  4070 | D:6      | 4070 ||| Stepping ~*~*~tactically~*~*~ (stealth).
  4108 | D:6      | Found a radiant altar of Vehumet.
  4113 | D:6      | 4113 ||| INVOKING Heroism.
  4119 | D:6      | Reached skill level 1 in Dodging
  4196 | D:6      | 4196 ||| Stepping ~*~*~tactically~*~*~ (stealth).
  4197 | D:6      | 4197 ||| Stepping ~*~*~tactically~*~*~ (stealth).
  4230 | D:6      | 4230 ||| Stepping ~*~*~tactically~*~*~ (hiding).
  4231 | D:6      | 4231 ||| Stepping ~*~*~tactically~*~*~ (hiding).
  4326 | D:6      | 4326 ||| Stepping ~*~*~tactically~*~*~ (stealth).
  4351 | D:6      | Reached ** piety under Okawaru
  4352 | D:6      | Reached skill level 8 in Axes
  4355 | D:6      | 4355 ||| Stepping ~*~*~tactically~*~*~ (stealth).
  4365 | D:6      | 4365 ||| INVOKING Heroism.
  4376 | D:6      | Noticed a cyan ugly thing
  4381 | D:6      | Reached XP level 9. HP: 39/54 MP: 10/12
  4387 | D:6      | Reached skill level 6 in Fighting
  4392 | D:6      | Killed a cyan ugly thing
  4395 | D:6      | Reached skill level 9 in Axes
  4396 | D:6      | 4396 ||| INVOKING Heroism.
  4409 | D:6      | 4409 ||| Stepping ~*~*~tactically~*~*~ (stealth).
  4440 | D:6      | 4440 ||| Stepping ~*~*~tactically~*~*~ (stealth).
  4441 | D:6      | 4441 ||| Stepping ~*~*~tactically~*~*~ (stealth).
  4442 | D:6      | 4442 ||| Stepping ~*~*~tactically~*~*~ (stealth).
  4499 | D:6      | 4499 ||| Stepping ~*~*~tactically~*~*~ (stealth).
  4500 | D:6      | 4500 ||| Stepping ~*~*~tactically~*~*~ (stealth).
  4503 | D:6      | 4503 ||| INVOKING Heroism.
  4512 | D:6      | Reached skill level 6 in Armour
  4581 | D:6      | Found a bloodstained altar of Trog.
  4587 | D:6      | 4587 ||| INVOKING Heroism.
  4793 | D:6      | 4793 ||| Stepping ~*~*~tactically~*~*~ (hiding).
  4795 | D:6      | 4795 ||| Stepping ~*~*~tactically~*~*~ (hiding).
  4797 | D:6      | 4797 ||| Stepping ~*~*~tactically~*~*~ (hiding).
  4799 | D:6      | 4799 ||| Stepping ~*~*~tactically~*~*~ (hiding).
  4838 | D:6      | 4838 ||| Stepping ~*~*~tactically~*~*~ (stealth).
  4957 | D:6      | 4957 ||| Stepping ~*~*~tactically~*~*~ (stealth).
  5037 | D:6      | 5037 ||| READING scroll labelled HIDWEDI ZEWNO.
  5038 | D:6      | 5038 ||| DRINKING 2 amethyst potions.
  5039 | D:6      | 5039 ||| READING 2 scrolls of identify.
  5039 | D:6      | 5039 ||| IDENTIFYING metallic clear potion
  5049 | D:7      | 5049 ||| INVOKING Heroism.
  5071 | D:7      | Reached XP level 10. HP: 38/63 MP: 11/13
  5088 | D:7      | 5088 ||| INVOKING Heroism.
  5158 | D:7      | 5158 ||| FLEEEEING.
  5159 | D:7      | 5159 ||| STAIRDANCE
  5193 | D:7      | 5193 ||| DROPPING +0 mace.
  5207 | D:7      | Reached skill level 1 in Throwing
  5211 | D:7      | Found a snail-covered altar of Cheibriados.
  5212 | D:7      | Found a shimmering blue altar of Sif Muna.
  5213 | D:7      | Found a burning altar of Makhleb.
  5218 | D:7      | Found a sparkling altar of Nemelex Xobeh.
  5219 | D:7      | Found a blossoming altar of Fedhas.
  5221 | D:7      | 5221 ||| Stepping ~*~*~tactically~*~*~ (stealth).
  5223 | D:7      | 5223 ||| Stepping ~*~*~tactically~*~*~ (hiding).
  5225 | D:7      | 5225 ||| Stepping ~*~*~tactically~*~*~ (hiding).
  5226 | D:7      | 5226 ||| Stepping ~*~*~tactically~*~*~ (hiding).
  5227 | D:7      | 5227 ||| Stepping ~*~*~tactically~*~*~ (hiding).
  5228 | D:7      | 5228 ||| Stepping ~*~*~tactically~*~*~ (hiding).
  5246 | D:7      | Reached skill level 10 in Axes
  5465 | D:7      | 5465 ||| Stepping ~*~*~tactically~*~*~ (stealth).
  5774 | D:7      | 5774 ||| UPGRADING to +0 pair of gloves.
  5779 | D:7      | 5779 ||| DROPPING ring of flight.
  5836 | D:8      | Found Ohotoesm's Elemental Accessories.
  5841 | D:8      | 5841 ||| Stepping ~*~*~tactically~*~*~ (hiding).
  5959 | D:8      | 5959 ||| DROPPING +0 flail.
  5964 | D:8      | 5964 ||| Stepping ~*~*~tactically~*~*~ (hiding).
  5967 | D:8      | 5967 ||| Stepping ~*~*~tactically~*~*~ (hiding).
  5975 | D:8      | Reached *** piety under Okawaru
  6010 | D:8      | Noticed Maurice
  6022 | D:8      | 6022 ||| FLEEEEING.
  6024 | D:8      | 6024 ||| FLEEEEING.
  6025 | D:8      | 6025 ||| FLEEEEING.
  6029 | D:8      | Killed Maurice
  6092 | D:8      | 6092 ||| Stepping ~*~*~tactically~*~*~ (hiding).
  6095 | D:8      | 6095 ||| INVOKING Heroism.
  6106 | D:8      | 6106 ||| Stepping ~*~*~tactically~*~*~ (hiding).
  6207 | D:8      | Found a white marble altar of Elyvilon.
  6207 | D:8      | Found a glowing silver altar of Zin.
  6207 | D:8      | Found a glowing golden altar of the Shining One.
  6314 | D:8      | 6314 ||| INVOKING Heroism.
  6541 | D:8      | 6541 ||| UPGRADING to +0 cloak.
  6546 | D:8      | 6546 ||| READING scroll labelled WUXUZI EPHAPP.
  6598 | D:9      | 6598 ||| INVOKING Heroism.
  6741 | D:9      | 6741 ||| Stepping ~*~*~tactically~*~*~ (stealth).
  6742 | D:9      | 6742 ||| Stepping ~*~*~tactically~*~*~ (stealth).
  6749 | D:9      | 6749 ||| INVOKING Heroism.
  6760 | D:9      | HP: 7/64 [very large slime creature (27)]
  6761 | D:9      | 6761 ||| READING 2 scrolls of teleportation.
  6761 | D:9      | HP: 2/64 [slime creature (6)]
  6762 | D:9      | 6762 ||| DRINKING 2 potions of heal wounds.
  6763 | D:9      | Demolished by a very large slime creature

Levels and vault maps discovered:
D:1:      evilmike_arrival_rings, layout_basic,
          shapermc_ecumenical_altar_mp_highgroup, minmay_pentomino_x4
D:2:      layout_loops_corners, uniq_sigmund, uniq_robin
D:3:      layout_basic
D:4:      minmay_octagon_keep, layout_loops_ring,
          nicolae_qazlal_general_emergency, temple_pool_b, supply_closet_lemuel,
          hex_tiny
D:5:      layout_rooms, gammafunk_ghost_arena, fountainhead
D:6:      hangedman_cross_stitches, layout_cave_pools, trog_ov_bears_minmay,
          nicolae_vehumet_radiance, serial_undead, serial_undead_b,
          serial_undead_a, serial_undead_b, serial_undead_b, serial_undead_b,
          serial_undead_b, serial_undead_e, serial_undead_c, serial_undead_d,
          serial_undead_f, hangedman_abyss_or_decor_stagger
D:7:      layout_rooms, grunt_temple_overflow_open
D:8:      layout_basic, good_gods_mini_temple, nicolae_elemental_shop,
          uniq_maurice
D:9:      layout_rooms, uniq_grum
Temple:   dpeg_chambers_temple

Skill      XL: |  1  2  3  4  5  6  7  8  9 10 |
---------------+-------------------------------+-----
Axes           | 2 3 5 6 7 8 9 10 | 10.2
Fighting       | 4 5 7 8 |  8.0
Armour         | 4 5 6 8 |  8.1
Invocations    | 2 4 |  4.1
Dodging        | 1 |  1.2
Shields        | 4 5 |  5.2
Throwing       | 1 |  1.0

Action                     |  1- 3 |  4- 6 |  7- 9 | 10-12 || total
---------------------------+-------+-------+-------+-------++-------
  Melee: War axe           |    64 |   129 |   224 |   158 ||   575
  Throw: Boomerang         |       |       |       |    28 ||    28
 Invoke: Heroism           |       |       |     7 |     5 ||    12
    Use: Scroll            |     3 |    10 |     3 |     2 ||    18
         Potion            |     1 |     3 |     2 |     1 ||     7
 Armour: Scale mail        |    22 |       |       |       ||    22
         Plate armour      |    20 |    84 |   204 |    95 ||   403
  Dodge: Dodged            |    30 |    21 |    55 |    53 ||   159
  Block: Buckler           |    10 |    20 |    41 |    32 ||   103

Table legend:
 A = Non-vault XP
 B = Vault XP
 C = Vault XP percentage of total XP
 D = Non-vault monster count
 E = Vault monster count
 F = Vault count percentage of total count
                 A         B        C        D         E       F
            +---------+---------+-------+---------+---------+-------
      Total |    4255 |    3495 |  45.1 |     134 |      52 |  28.0
            +---------+---------+-------+---------+---------+-------
        D:1 |      28 |       4 |  12.5 |      17 |       3 |  15.0
        D:2 |      59 |     265 |  81.8 |      12 |       7 |  36.8
        D:3 |      40 |       0 |   0.0 |      19 |       0 |   0.0
        D:4 |     118 |      33 |  21.9 |       9 |       6 |  40.0
        D:5 |     388 |       0 |   0.0 |      10 |       0 |   0.0
        D:6 |     670 |    2754 |  80.4 |      15 |      35 |  70.0
        D:7 |    1123 |       0 |   0.0 |      27 |       0 |   0.0
        D:8 |     732 |     439 |  37.5 |      16 |       1 |   5.9
        D:9 |    1097 |       0 |   0.0 |       9 |       0 |   0.0
            +---------+---------+-------+---------+---------+-------
